 Dungeon Crawl Stone Soup version 0.17.1-2-g5865329 (webtiles) character file.

79 Jerry the Ducker (level 4, 0/31 HPs)
             Began as an Octopode Fighter on Jan 22, 2016.
             Fell down a flight of stairs (1 damage)
             ... on level 3 of the Dungeon.
             The game lasted 00:08:34 (1924 turns).

Jerry the Ducker (Octopode Fighter)                 Turns: 1924, Time: 00:08:34

Health: 0/31       AC:  1    Str: 16    XL:     4   Next: 37%
Magic:  4/4        EV:  5    Int: 10    God:
Gold:   117        SH:  0    Dex: 11    Spells: 0 memorised, 3 levels left

rFire  . . .     SeeInvis .     a - +0 long sword
rCold  . . .     Clarity  .     b - +1 shield
rNeg   . . .     SustAt   .     (helmet restricted)
rPois  .         Gourm    .     (no amulet)
rElec  .         Spirit   .     o - ring of flight
rCorr  .         Warding  .     (no ring)
rMut   .         Stasis   .     (no ring)
MR     .....                    (no ring)
Stlth  ++........               (no ring)
                                (no ring)
                                (no ring)
                                (no ring)

@: confused, not resistant to hostile enchantments, unstealthy
A: almost no armour, amphibious, 8 rings, constrict 8, camouflage 1, gelatinous
body 1
a: Evoke Flight


You were on level 3 of the Dungeon.
You were not hungry.

You visited 1 branch of the dungeon, and saw 3 of its levels.

You collected 117 gold pieces.

Inventory:

Hand Weapons
 a - a +0 long sword (weapon)
 j - a +0 hunting sling
Armour
 b - a +1 shield (worn)
Jewellery
 o - a ring of flight (left tentacle)
Scrolls
 f - 2 scrolls of teleportation
 g - a scroll of enchant armour
 h - 5 scrolls of identify
 n - a scroll of fear {unknown}
Potions
 c - a potion of might
 e - a potion of lignification
 k - a potion of cure mutation {unknown}
 m - a potion of ambrosia {unknown}
Comestibles
 d - 2 bread rations
 i - 2 meat rations


   Skills:
 + Level 3.4 Fighting
 + Level 2.6 Long Blades
 + Level 3.6 Dodging
 + Level 2.3 Stealth
 + Level 3.3 Shields


You had 3 spell levels left.
You didn't know any spells.

Dungeon Overview and Level Annotations

Branches:
Dungeon (3/15)

Altars:

Annotations:
D:3 Sigmund


Innate Abilities, Weirdness & Mutations

You cannot wear most types of armour.
You are amphibious.
You can wear up to eight rings at the same time.
You can use your tentacles to constrict eight enemies at once.
Your skin changes colour to match your surroundings (Stealth).
Your rubbery body absorbs attacks (AC +1).


Message History

You barely miss something. Something hits you!
You barely miss something. Something hits you.
You miss something. Something hits you.
You closely miss something. Your squeeze misses something. Something hits you.
* * * LOW HITPOINT WARNING * * *
You hear some strange, mumbled words.
You are confused.
Something tries to affect you, but you resist.
You're too confused to move!
You bump into the rock wall.
You feel less confused.
There is a stone staircase leading down here.
A puff of flame appears from out of thin air!
The puff of flame hits you!
* * * LOW HITPOINT WARNING * * *
You are confused.
There is a stone staircase leading up here.
You can't go down here!
In your confused state, you trip and fall back down the stairs.
You die...

######## #######
#..)...# #.....#
#......# #.....#
#......# #.....#
#......#####.....###
#..[......##.......#
#.........##.....#.###
...>..........l.@....#
###.......##.....#.#.#
#.......####.#.#.#.#
#..(....# #.#.#.#.#
#[........# #.#.#.#..
#.........# #.#.#.##.
#.......(.# #.#.#.# ..
#.........# #.#.#.# #.
#...#.#


You could see a giant newt.

Vanquished Creatures
  A gnoll (D:1)
  2 adders (D:2)
  2 worms
  2 giant geckos
  4 bats
  4 giant cockroaches
  8 goblins
  A hobgoblin (D:1)
  6 kobolds
  A ball python (D:2)
  2 giant newts (D:1)
  3 quokkas (D:2)
  8 rats
44 creatures vanquished.

Notes
Turn   | Place    | Note
--------------------------------------------------------------
     0 | D:1      | Jerry the Octopode Fighter began the quest for the Orb.
     0 | D:1      | Reached XP level 1. HP: 16/16 MP: 1/1
   252 | D:1      | Reached skill level 1 in Stealth
   252 | D:1      | Reached XP level 2. HP: 1/21 MP: 2/2
   731 | D:1      | Reached XP level 3. HP: 18/26 MP: 3/3
  1391 | D:2      | Reached XP level 4. HP: 26/31 MP: 4/4
  1891 | D:3      | Noticed Sigmund
  1921 | D:3      | HP: 1/31 [something/puff of flame (11)]
  1924 | D:3      | Fell down a flight of stairs

Action                   |  1- 3 |  4- 6 || total
-------------------------+-------+-------++-------
Melee: Long sword        |    53 |    27 ||    80
  Use: Scroll            |       |     4 ||     4
 Stab: Sleeping          |     7 |     5 ||    12
  Eat: Chunk             |     1 |       ||     1
       Bread ration      |       |     1 ||     1
